 Dungeon Crawl Stone Soup version 0.27-a0-1281-ge233d83751 (webtiles) character file.

Game seed: 11720446097663359364

3693 Protosaurus the Grappler (level 9, -15/74 (76) HPs)
             Began as a Troll Brigand on June 13, 2021.
             Demolished by a two-headed ogre (23 damage)
             ... on level 8 of the Dungeon.
             The game lasted 00:24:37 (4460 turns).

Protosaurus the Grappler (Troll Brigand)            Turns: 4460, Time: 00:24:37

HP:   -15/74 (76)   AC:  6    Str: 21    XL:     9   Next: 90%
MP:   8/8           EV:  9    Int:  7    God:
Gold: 127           SH:  0    Dex: 14    Spells: 8/8 levels left

rFire    . . .     SeeInvis .     - Unarmed
rCold    . . .     Faith    .   (no shield)
rNeg     + . .     Spirit   .   x - +1 robe {Will+}
rPois    .         Reflect  .   (helmet restricted)
rElec    .         Harm     .   c - +0 cloak
rCorr    .         Rampage  .   (gloves unavailable)
Will     ++...                  (boots unavailable)
Stlth    ++........             (no amulet)
HPRegen  1.22/turn              j - ring of willpower
MPRegen  0.11/turn              l - ring of positive energy

@: lightly drained
A: large, unfitting armour, claws 3, regeneration 1, shaggy fur 1, tough skin 1
a: no special abilities


You were on level 8 of the Dungeon.
You visited 1 branch of the dungeon, and saw 7 of its levels.

You collected 309 gold pieces.
You spent 182 gold pieces at shops.

Inventory:

Hand Weapons
 a - a +2 dagger
 y - a +1 dagger of venom
Missiles
 d - 17 poisoned darts (quivered)
 e - a curare-tipped dart
 p - 14 boomerangs
 q - 37 bolts
Armour
 b - a +0 robe
 c - a +0 cloak (worn)
 x - a +1 robe of willpower (worn)
Jewellery
 j - a ring of willpower (left claw)
 l - a ring of positive energy (right claw)
 s - an amulet of faith
Scrolls
 f - 2 scrolls of noise {unknown}
 g - 3 scrolls of magic mapping {unknown}
 h - 2 scrolls of summoning {unknown}
 i - a scroll of enchant weapon {unknown}
 k - 3 scrolls of enchant armour {unknown}
 r - a scroll of identify
 t - 2 scrolls of teleportation {unknown}
 w - a scroll of holy word {unknown}
Potions
 m - 2 potions of brilliance
 n - a potion of lignification
 o - 2 potions of curing
 u - a potion of invisibility
 v - a potion of heal wounds


   Skills:
 - Level 1.5 Fighting
 - Level 1.5 Short Blades
 - Level 1.7 Throwing
 - Level 0.7 Dodging
 - Level 2.1 Stealth
 + Level 13.6 Unarmed Combat


You had 8 spell levels left.
You didn't know any spells.
Your spell library contained the following spells:

 Spells                   Type           Power      Damage    Failure   Level
 Animate Skeleton         Necr           0%         N/A       43%         1
 Pain                     Necr           0%         1d4       43%         1
 Sting                    Tmut/Pois      0%         1d3       43%         1
 Poisonous Vapours        Pois/Air       0%         N/A       56%         2
 Ignite Poison            Fire/Tmut/Pois 0%         N/A       80%         3
 Mephitic Cloud           Conj/Pois/Air  0%         N/A       80%         3
 Vampiric Draining        Necr           0%         2d6       80%         3
 Animate Dead             Necr           0%         N/A       99%         4
 Olgreb's Toxic Radiance  Pois           0%         N/A       99%         4
 Agony                    Necr           0%         N/A       100%        5


Dungeon Overview and Level Annotations

Branches:
Dungeon (8/15)
 Temple: D:4-7         Lair: D:8-11

Altars:
Cheibriados
Nemelex Xobeh

Shops:
D:4 !   D:5 (

Annotations:
D:4 3 runed translucent doors, polpettosauro's ghost, novice DsFi
D:5 Duvessa


Innate Abilities, Weirdness & Mutations

You are too large for most types of armour.
You have claws for hands.
Your natural rate of healing is unusually fast.
You are covered in fur. (AC +1)
You have tough skin. (AC +1)


Message History

Found 14 gold pieces.
A yak and a howler monkey come into view.
A yak comes into view.
The howler monkey moves out of view.
Found a runed jade ring.
A two-headed ogre and a wight come into view.
The two-headed ogre shouts in stereo!
A wight comes into view. It is wielding a +0 halberd.
Found a triple crossbow.
A wight comes into view. It is wielding a +4 battleaxe.
A wight comes into view. It is wielding a +0 spear.
Found a stone staircase leading up.
You mangle the two-headed ogre!!
The two-headed ogre is heavily wounded.
You claw the two-headed ogre!
The two-headed ogre is heavily wounded.
The two-headed ogre hits you with a +0 giant club!!
The two-headed ogre hits you with a +0 giant club!
You hear a bellow!
You scratch the two-headed ogre.
The two-headed ogre is severely wounded.
The wight barely misses you. The two-headed ogre barely misses you.
The two-headed ogre closely misses you.
You scratch the two-headed ogre.
The two-headed ogre is severely wounded.
The wight closely misses you.
You claw the two-headed ogre!
The two-headed ogre is almost dead.
The two-headed ogre hits you with a +0 giant club!
The two-headed ogre misses you.
The wight hits you from afar with a +0 halberd!
* * * LOW HITPOINT WARNING * * *
You partially resist.
You feel drained.
* * * LOW HITPOINT WARNING * * *
You barely miss the two-headed ogre.
The two-headed ogre is almost dead.
The two-headed ogre hits you with a +0 giant club!
* * * LOW HITPOINT WARNING * * *
The two-headed ogre hits you with a +0 giant club!!
You die...

######.#.#
####........z.
#.............###
#................
)............$...
#).....###).=... #
#).....###....z#####....
#....#........zO@<......
#.##.#.#####.#Y###.#...#
#)...#.#.......$...# #
.).....#..#.Y#........
.......#.....#####.#.#
.......#.###.#... #
.................
##.#.###......... #.#.#
#.###.#.....


You could see a two-headed ogre, 2 yaks and 2 wights.

Vanquished Creatures
  A centaur warrior (D:8)
  A two-headed ogre (D:8)
  A manticore (D:8)
  A steam dragon (D:8)
  2 water moccasins (D:8)
  An acid dragon (D:8)
  2 orc warriors (D:6)
  A hornet zombie (D:6)
  A sky beast (D:8)
  2 centaurs
  A kobold brigand (D:8)
  A bullfrog (D:8)
  A scorpion (D:6)
  2 wyvern zombies
  A killer bee (D:8)
  5 wights (D:8)
  2 howler monkeys
  A hound (D:4)
  A centaur skeleton (D:6)
  3 orc priests (D:6)
  2 iguanas
  4 orc wizards
  2 hound skeletons (D:4)
  A howler monkey zombie (D:8)
  7 adders
  2 white imps
  An ufetubus (D:5)
  2 adder skeletons (D:4)
  A dart slug (D:1)
  15 orcs
  6 ball pythons
  An endoplasm (D:3)
  4 giant cockroaches
  2 goblins (D:2)
  2 hobgoblins
  8 kobolds
  3 quokkas
  2 bats (D:1)
  4 frilled lizards
  3 rats
103 creatures vanquished.

Vanquished Creatures (others)
  38 plants (D:8)
38 creatures vanquished.

Grand Total: 141 creatures vanquished

Notes
Turn   | Place    | Note
-------+----------+-------------------------------------------
     0 | D:1      | Protosaurus the Troll Brigand began the quest for the Orb.
     0 | D:1      | Reached XP level 1. HP: 19/19 MP: 0/0
    80 | D:1      | Found a faded altar of an unknown god.
   173 | D:2      | Reached skill level 1 in Unarmed Combat
   173 | D:2      | Reached XP level 2. HP: 27/27 MP: 1/1
   204 | D:2      | Reached skill level 2 in Unarmed Combat
   423 | D:3      | Reached XP level 3. HP: 33/33 MP: 2/2
   514 | D:3      | Found a snail-covered altar of Cheibriados.
  1143 | D:2      | Reached skill level 3 in Unarmed Combat
  2530 | D:4      | Reached XP level 4. HP: 36/41 MP: 3/3
  2573 | D:4      | Reached skill level 4 in Unarmed Combat
  2668 | D:4      | Reached XP level 5. HP: 20/48 MP: 4/4
  2714 | D:4      | Noticed a centaur
  2731 | D:4      | Killed a centaur
  2732 | D:4      | Reached skill level 5 in Unarmed Combat
  2732 | D:4      | Noticed an orc warrior
  2734 | D:4      | Found a runed translucent gate.
  2734 | D:4      | Noticed polpettosauro's ghost (novice DsFi)
  2802 | D:4      | Reached XP level 6. HP: 54/55 MP: 5/5
  2847 | D:5      | Entered Level 5 of the Dungeon
  2884 | D:4      | Found a runed translucent gate.
  2884 | D:4      | Found a runed translucent gate.
  3013 | D:4      | Reached skill level 6 in Unarmed Combat
  3070 | D:4      | Found Ustrug's Distillery.
  3085 | D:4      | Bought a potion of invisibility for 104 gold pieces
  3085 | D:4      | Bought a potion of heal wounds for 65 gold pieces
  3085 | D:4      | Bought a potion of degeneration for 13 gold pieces
  3154 | D:4      | Found a sparkling altar of Nemelex Xobeh.
  3359 | D:5      | Found Eptux's Weapon Shop.
  3402 | D:5      | Reached skill level 7 in Unarmed Combat
  3451 | D:5      | Noticed Duvessa
  3633 | D:6      | Noticed an orc warrior
  3648 | D:6      | Killed an orc warrior
  3649 | D:6      | Reached XP level 7. HP: 62/62 MP: 6/6
  3774 | D:6      | Reached skill level 8 in Unarmed Combat
  3867 | D:6      | Reached skill level 9 in Unarmed Combat
  3867 | D:6      | Reached XP level 8. HP: 48/70 MP: 7/7
  3891 | D:6      | You fall into a shaft and drop 2 floors!
  3948 | D:8      | Reached skill level 10 in Unarmed Combat
  4170 | D:8      | Noticed a centaur warrior
  4183 | D:8      | Killed a centaur warrior
  4184 | D:8      | Reached skill level 11 in Unarmed Combat
  4184 | D:8      | Reached XP level 9. HP: 45/76 MP: 8/8
  4241 | D:8      | Noticed a two-headed ogre
  4249 | D:8      | Killed a two-headed ogre
  4250 | D:8      | Reached skill level 12 in Unarmed Combat
  4315 | D:8      | Noticed a manticore
  4325 | D:8      | Killed a manticore
  4326 | D:8      | Reached skill level 13 in Unarmed Combat
  4381 | D:8      | Noticed a deep elf pyromancer
  4396 | D:8      | Noticed a death knight
  4450 | D:8      | Noticed a two-headed ogre
  4460 | D:8      | Demolished by a two-headed ogre

Illustrated notes

Levels and vault maps discovered:
D:1:      wander_arrival_peaceful_grave, layout_basic, basic_ecumenical_altar,
          hangedman_decor_peaks_small
D:2:      layout_rooms, basic_altar, minivault_14, minmay_puff
D:3:      layout_basic, cheibriados_altar_1, minmay_misc_feat_hallway
D:4:      layout_basic, kennysheep_little_box, gammafunk_ghost_split,
          serial_shops, shop_coins
D:5:      layout_basic, serial_shops, kennysheep_mini_moat, shop, shop,
          minivault_1, hangedman_decor_slide_cut, kennysheep_generic_room_15,
          uniq_duvessa
D:6:      layout_cave_pools, kennysheep_vampire_church,
          nicolae_elyvilon_peaceful_grove, minmay_temple_entry_fiery
D:8:      nzn_winding_woodlands_large [nzn_winding_woodlands_5x5_default,
          nzn_winding_woodlands_5x15_twine,
          nzn_winding_woodlands_5x5_checkerboard,
          nzn_winding_woodlands_center_lodge,
          nzn_winding_woodlands_15x15_five_gardens,
          nzn_winding_woodlands_center_diamonds,
          nzn_winding_woodlands_5x5_closed_star,
          nzn_winding_woodlands_5x15_split_checker,
          nzn_winding_woodlands_5x5_cross], layout_basic,
          gammafunk_temple_overflow_statue, serial_shops, shop

Skill      XL: |  1  2  3  4  5  6  7  8  9 |
---------------+----------------------------+-----
Unarmed Combat | 1 2 3 4 5 7 9 11 13 | 13.6
Fighting       | |  1.5
Short Blades   | |  1.5
Throwing       | |  1.7
Dodging        | |  0.7
Stealth        | |  2.1

Action                   |  1- 3 |  4- 6 |  7- 9 || total
-------------------------+-------+-------+-------++-------
Melee: Dagger            |    86 |   132 |       ||   218
       Unarmed           |       |     6 |   143 ||   149
       Punch             |       |     2 |     6 ||     8
Throw: Dart              |    12 |    20 |    25 ||    57
       Boomerang         |    21 |    42 |    25 ||    88
  Use: Scroll            |     3 |       |       ||     3
       Potion            |       |       |     2 ||     2
 Stab: Sleeping          |     5 |       |       ||     5
       Invisible         |       |       |     2 ||     2
Armor: Robe              |    24 |    59 |    44 ||   127
Dodge: Dodged            |    29 |    72 |    45 ||   146

Table legend: (Time is in decaauts)
 A = Elapsed time spent in this place.
 B = Non-inter-level travel time spent in this place.
 C = Inter-level travel time spent in this place.
 D = Time resting spent in this place.
 E = Time spent auto-exploring this place.
 F = Levels seen in this place.
 G = Mean time per level.
                   A        B        C        D        E       F      G
               +--------+--------+--------+--------+--------+-----+--------+
         Total |   4431 |   3317 |   1114 |    362 |   1999 |   7 |  633.0 |
       Dungeon |   4431 |   3317 |   1114 |    362 |   1999 |   7 |  633.0 |
               +--------+--------+--------+--------+--------+-----+--------+

Top non-repeatable levels by time:
     D:1: 1315 daAuts
     D:3: 825 daAuts
     D:4: 712 daAuts
     D:8: 552 daAuts
     D:5: 421 daAuts
     D:2: 319 daAuts
     D:6: 284 daAuts
